 Dungeon Crawl Stone Soup version 0.19.1 (webtiles) character file.

429 Kailar the Sneak (level 6, -5/30 HPs)
             Began as a Spriggan Enchanter on Nov 28, 2016.
             Was an Initiate of Dithmenos.
             Slain by nht's ghost (18 damage)
             ... on level 5 of the Dungeon.
             The game lasted 00:52:36 (4644 turns).

Kailar the Sneak (Spriggan Enchanter)               Turns: 4644, Time: 00:52:37

Health: -5/30      AC:  8    Str:  2 (4)  XL:     6   Next: 66%
Magic:  13/13      EV: 19    Int: 19      God:    Dithmenos [......]
Gold:   173        SH:  0    Dex: 14 (16) Spells: 3 memorised, 7 levels left

rFire  . . .     SeeInvis +     A - +4 short sword
rCold  . . .     Gourm    .     b - +2 robe
rNeg   . . .     Faith    .     (shield restricted)
rPois  .         Spirit   .     (helmet restricted)
rElec  .         Reflect  .     C - +0 cloak
rCorr  .         Harm     .     (gloves unavailable)
MR     ++...                    (boots unavailable)
Stlth  +++.......               (no amulet)
                                Q - ring of protection from magic
                                M - +3 ring of protection

@: very quick
A: unfitting armour, see invisible, herbivore 3, speed 3, slow metabolism 2
a: Renounce Religion


You were on level 5 of the Dungeon.
You worshipped Dithmenos.
Dithmenos was noncommittal.
You were not hungry.

You visited 2 branches of the dungeon, and saw 6 of its levels.

You collected 173 gold pieces.

Inventory:

Hand Weapons
 a - a +1 dagger
 d - a +0 war axe
 e - a +0 short sword
 l - a +0 spear
 v - a +0 hand axe
 w - a +0 spear
 z - a +0 falchion
 A - a +4 short sword (weapon)
 H - a +0 long sword
 J - a +0 giant spiked club
 L - a +0 battleaxe
 T - a +0 longbow
 U - a +0 falchion
Missiles
 h - 45 sling bullets
 q - 64 arrows
 r - 3 tomahawks (quivered)
 s - 33 poisoned needles
 u - 61 stones
 G - 3 javelins
Armour
 b - a +2 robe (worn)
 n - a +0 leather armour
 C - a +0 cloak (worn)
 O - the +0 Maxwell's etheric cage {RegenMP+ *Contam rElec MP+4}
   (You found it on level 5 of the Dungeon)

   It insulates you from electricity.
   It affects your magic capacity (+4).
   It causes magical contamination when unequipped.
 R - a +0 robe
Magical Staves
 x - an uncursed staff of poison
Jewellery
 g - an uncursed ring of ice
 i - a +3 ring of protection
 y - an uncursed ring of fire
 B - a -2 ring of intelligence
 M - a +3 ring of protection (left hand)
 Q - a ring of protection from magic (right hand)
Wands
 m - a wand of teleportation (8/9)
Scrolls
 j - a scroll of noise
 k - 3 scrolls of teleportation
 o - a scroll of immolation
 p - a scroll of magic mapping
 D - a scroll of recharging
 E - a scroll of enchant armour
 I - a scroll of fog
 K - a scroll of remove curse
 N - a scroll of blinking
 S - a scroll of enchant weapon
 V - a scroll of fear
Potions
 f - 3 potions of curing
 t - a potion of mutation
Books
 c - a book of Maledictions

   Spells                             Type                      Level
   a - Corona                         Hexes                        1
   b - Ensorcelled Hibernation        Hexes/Ice                    2
   c - Confuse                        Hexes                        3
   d - Tukima's Dance                 Hexes                        3
   e - Dazzling Spray                 Conjuration/Hexes            3
Comestibles
 F - 2 bread rations
 P - 3 fruits


   Skills:
 * Level 1.2 Fighting
 * Level 2.3 Short Blades
 + Level 0.6 Throwing
 * Level 4.7 Dodging
 + Level 6.1 Stealth
 + Level 4.2 Spellcasting
 * Level 5.0 Hexes
 * Level 2.2 Ice Magic


You had 7 spell levels left.
You knew the following spells:

 Your Spells              Type           Power        Failure   Level  Hunger
a - Corona                Hex            ###....      1%          1    None
b - Ensorcelled Hibernat  Hex/Ice        ###...       6%          2    ##.....
c - Confuse               Hex            ###.....     6%          3    ###....


Dungeon Overview and Level Annotations

Branches:
Dungeon (5/15)             Temple (1/1) D:5

Altars:
Ashenzari
Cheibriados
Dithmenos
Elyvilon
Gozag
Hepliaklqana
Makhleb
Okawaru
Qazlal
Trog
Uskayaw
Vehumet
Xom
Yredelemnul
Zin
The Shining One

Annotations:
D:5 nht's ghost, amateur MiHu


Innate Abilities, Weirdness & Mutations

You are very small and have problems with some larger weapons.
You are too small for most types of armour.
You have supernaturally acute eyesight. (SInv)
You are a herbivore.
You cover ground extremely quickly.
You need consume almost no food.


Message History

Nht's ghost is moderately damaged.
Nht's ghost hits you.
You miss nht's ghost.
Nht's ghost is moderately damaged.
Nht's ghost misses you.
You closely miss nht's ghost.
Nht's ghost is moderately damaged.
Nht's ghost misses you.
You hit nht's ghost.
Nht's ghost is moderately damaged.
Nht's ghost completely misses you.
You hit nht's ghost.
Nht's ghost is heavily damaged.
Nht's ghost barely misses you.
You closely miss nht's ghost.
Nht's ghost is heavily damaged.
Nht's ghost hits you but does no damage.
You are electrocuted!
Ouch! That really hurt!
You die...

##############
#............#######
##.....###..........##
.>.........#..........
##.....#####..#####.##
#..............@W..#
###.......#..####..#
#.##.##.#..# .#
####.##.##.#..# #
.....##.##.#..#
.....##.##>#..#
####..........#
####.......####..
#..###........


You could see nht's ghost.

Vanquished Creatures
  2 ogres (D:4)
  A centaur zombie (D:5)
  A hound (D:4)
  A jelly (D:5)
  6 adders
  A shadow imp (D:5)
  3 worms
  4 dart slugs
  5 leopard geckos
  10 orcs
  8 bats
  2 giant cockroaches
  4 goblins
  5 hobgoblins
  4 jackals (D:2)
  2 quokkas
  2 ball pythons
  6 frilled lizards
  3 kobolds (D:3)
  12 rats
82 creatures vanquished.

Notes
Turn   | Place    | Note
-------+----------+-------------------------------------------
     0 | D:1      | Kailar the Spriggan Enchanter began the quest for the Orb.
     0 | D:1      | Reached XP level 1. HP: 9/9 MP: 5/5
   156 | D:1      | Reached XP level 2. HP: 13/13 MP: 2/6
   298 | D:1      | Reached skill level 5 in Stealth
   716 | D:1      | Reached XP level 3. HP: 16/16 MP: 8/8
   734 | D:1      | Learned a level 2 spell: Ensorcelled Hibernation
   738 | D:1      | Learned a level 3 spell: Confuse
  1242 | D:2      | Found an opulent altar of Gozag.
  1359 | D:2      | Found a glowing silver altar of Zin.
  1360 | D:2      | Found a glowing golden altar of the Shining One.
  1361 | D:2      | Found a white marble altar of Elyvilon.
  1540 | D:2      | Found a radiant altar of Vehumet.
  1553 | D:2      | Found a burning altar of Makhleb.
  2006 | D:3      | Reached XP level 4. HP: 12/21 MP: 0/10
  3160 | D:4      | Noticed an ogre
  3219 | D:4      | Killed an ogre
  3219 | D:4      | Reached skill level 1 in Ice Magic
  3219 | D:4      | Reached XP level 5. HP: 14/25 MP: 1/11
  3570 | D:4      | Noticed an ogre
  3685 | D:4      | Killed an ogre
  3685 | D:4      | Reached skill level 1 in Fighting
  3685 | D:4      | Reached skill level 6 in Stealth
  3685 | D:4      | Reached XP level 6. HP: 26/30 MP: 0/13
  3913 | D:5      | Entered Level 5 of the Dungeon
  3927 | D:5      | Found a staircase to the Ecumenical Temple.
  3946 | Temple   | Entered the Ecumenical Temple
  3979 | Temple   | Became a worshipper of Dithmenos the Shadowed
  4211 | D:5      | Reached skill level 5 in Hexes
  4215 | D:5      | Noticed nht's ghost (amateur MiHu)
  4644 | D:5      | Slain by nht's ghost

Skill      XL: |  1  2  3  4  5  6 |
---------------+-------------------+-----
Spellcasting   | 3 4 |  4.2
Stealth        | 5 6 |  6.1
Hexes          | 4 5 |  5.0
Dodging        | 4 |  4.7
Ice Magic      | 1 2 |  2.2
Fighting       | 1 |  1.2
Short Blades   | 2 |  2.3
Throwing       | |  0.6

Action                   |  1- 3 |  4- 6 || total
-------------------------+-------+-------++-------
Melee: Dagger            |   133 |    97 ||   230
       Short sword       |       |   100 ||   100
Throw: Tomahawk          |     1 |     4 ||     5
 Cast: Corona            |    16 |     8 ||    24
       Ensorcelled Hiber |    11 |    42 ||    53
  Use: Scroll            |     9 |     4 ||    13
       Potion            |     6 |     4 ||    10
 Stab: Sleeping          |    14 |    24 ||    38
       Distracted        |     1 |       ||     1
  Eat: Bread ration      |       |     1 ||     1
Armor: Robe              |    22 |    20 ||    42
Dodge: Dodged            |   107 |   160 ||   267
